 Dungeon Crawl Stone Soup version 0.27-a0-668-gb5737ff2c0 (webtiles) character file.

Game seed: 7956296316231709446

56 wullow the Magician (level 3, 0/36 HPs)
             Began as a Demonspawn Hedge Wizard on Mar 17, 2021.
             Slain by a phantom (2 damage)
             ... on level 4 of the Dungeon.
             The game lasted 00:06:38 (1987 turns).

wullow the Magician (Demonspawn Hedge Wizard)       Turns: 1987, Time: 00:06:39

Health: 0/36       AC: 21    Str: 12    XL:     3   Next: 71%
Magic:  1/7        EV:  2    Int: 16    God:
Gold:   51         SH:  0    Dex: 12    Spells: 5/8 levels left

rFire    . . .     SeeInvis .   r - +2 dagger (freeze)
rCold    . . .     Faith    .   (no shield)
rNeg     + + +     Spirit   .   (armour currently unavailable)
rPois    +         Reflect  .   (helmet currently unavailable)
rElec    .         Harm     .   (cloak currently unavailable)
rCorr    .         Rampage  .   (gloves currently unavailable)
Will     .....     Clarity  +   (boots currently unavailable) Stlth ++........NoTele +
                                (no amulet)
HPRegen  0.12/turn              (no ring)
MPRegen  0.10/turn              (no ring)

@: tree-form
A: stationary, stasis, torment immunity, boosted hp, (hooves 1), blurry vision
1, clarity, strong 1, evolution 1
a: no special abilities


You were on level 4 of the Dungeon.
You were a tree.
You visited 1 branch of the dungeon, and saw 3 of its levels.

You collected 51 gold pieces.

Inventory:

Hand Weapons
 a - a +0 dagger
 i - a +0 dagger
 r - a +2 dagger of freezing (weapon)
Missiles
 d - 16 arrows
 e - 8 boomerangs
 j - 34 poisoned darts
 l - 14 sling bullets
 m - 6 javelins
 p - 27 stones
Armour
 b - a +0 robe (melded)
 c - a +0 hat (melded)
Magical Staves
 h - a staff of conjuration
Scrolls
 k - a scroll of identify {unknown}
 q - a scroll of magic mapping {unknown}
Potions
 n - a potion of flight {unknown}
 o - a potion of ambrosia {unknown}


   Skills:
 - Level 1.7 Dodging
 - Level 1.7 Stealth
 + Level 3.3 Spellcasting
 * Level 2.4 Conjurations
 + Level 2.2 Summonings
 - Level 1.0 Translocations


You had 5 spell levels left.
You knew the following spells:

 Your Spells              Type           Power      Damage    Failure   Level
a - Magic Dart            Conj           40%        1d5       7%          1
b - Call Imp              Summ           9%         N/A       11%         2

Your spell library contained the following spells:

 Spells                   Type           Power      Damage    Failure   Level
 Blink                    Tloc           N/A        N/A       19%         2
 Slow                     Hex            2%         N/A       26%         2
 Conjure Flame            Conj/Fire      6%         6-21      32%         3
 Mephitic Cloud           Conj/Pois/Air  5%         N/A       36%         3


Dungeon Overview and Level Annotations

Branches:
Dungeon (4/15)
 Temple: D:4-7

Altars:
Cheibriados
Okawaru
Wu Jian

Annotations:
D:4 Robin


Innate Abilities, Weirdness & Mutations

You are a tree.
Your roots penetrate the ground, keeping you stationary.
You cannot be teleported.
You are immune to unholy pain and torment.
Your maximum health is greatly increased.
Your equipment is partially melded.
((You have large cloven feet.))
Scrolls take you a little longer to read.
You possess an exceptional clarity of mind.
Your muscles are strong. (Str +2)
You evolve.


Message History

Your magical contamination has completely faded away.
It was a potion of lignification.
You turn into a tree.
Your +0 hat melds into your body.
Your +0 robe melds into your body.
Your roots penetrate the ground.
Your white imp completely misses the phantom.
The phantom hits you but does no damage.
You closely miss the phantom.
The phantom is heavily damaged.
Your white imp gestures at the phantom.
The puff of frost hits the phantom.
The phantom resists.
The phantom hits you but does no damage.
You hit the phantom but do no damage.
The phantom is heavily damaged.
Your white imp closely misses the phantom.
The phantom barely misses you.
You closely miss the phantom.
The phantom is heavily damaged.
Your white imp gestures at the phantom.
The puff of frost hits the phantom.
The phantom resists.
The phantom hits your white imp!
The phantom blinks!
Your white imp blinks!
You closely miss the phantom.
The phantom is heavily damaged.
Your white imp hits the phantom but does no damage.
The phantom hits your white imp.
Your white imp dies!
You hit the phantom.
The phantom is heavily damaged.
The phantom hits you.
* * * LOW HITPOINT WARNING * * *
It was a potion of mutation.
You feel extremely strange.
Your thoughts seem clearer.
You feel nature experimenting on you.
Don't worry, failures die fast.
Your vision blurs.
You feel stronger. The phantom hits you.
* * * LOW HITPOINT WARNING * * *
You hit the phantom.
The phantom is severely damaged.
The phantom hits you.
You die...

#.# #†#
#.#####
##.....#
##..###.#
.........#
#'#######..#
#.W# #♣.#
#..# #..#
#..# #..#
'..# #..#
#..# #..#


You could see a phantom.

Vanquished Creatures
  Natasha (D:4)
  2 dart slugs (D:1)
  2 leopard geckos (D:1)
  A ball python (D:1)
  2 giant cockroaches
  2 hobgoblins (D:1)
  5 kobolds
  6 bats
  A frilled lizard (D:1)
  4 rats (D:1)
26 creatures vanquished.

Vanquished Creatures (collateral kills)
  An adder (D:2)
1 creature vanquished.

Grand Total: 27 creatures vanquished

Notes
Turn   | Place    | Note
-------+----------+-------------------------------------------
     0 | D:1      | wullow the Demonspawn Hedge Wizard began the quest for the
                  | Orb.
     0 | D:1      | Reached XP level 1. HP: 13/13 MP: 4/4
   135 | D:1      | Reached skill level 1 in Translocations
   390 | D:1      | Gained mutation: You have large cloven feet. [demonic
                  | ancestry]
   390 | D:1      | Reached XP level 2. HP: 12/19 MP: 4/6
   393 | D:1      | Learned a level 2 spell: Call Imp
  1401 | D:2      | Reached XP level 3. HP: 24/24 MP: 1/7
  1702 | D:2      | Found an iron altar of Okawaru.
  1702 | D:2      | Found an ornate altar of the Wu Jian Council.
  1709 | D:2      | Found a faded altar of an unknown god.
  1711 | D:2      | Found a snail-covered altar of Cheibriados.
  1713 | D:2      | Found a faded altar of an unknown god.
  1828 | D:2      | You fall into a shaft and drop 2 floors!
  1829 | D:4      | Noticed Natasha
  1842 | D:4      | Killed Natasha
  1916 | D:4      | Noticed Robin
  1967 | D:4      | Noticed a phantom
  1986 | D:4      | Gained mutation: You possess an exceptional clarity of
                  | mind. [potion of mutation]
  1986 | D:4      | Gained mutation: You evolve. [potion of mutation]
  1986 | D:4      | Gained mutation: Scrolls take you a little longer to read.
                  | [potion of mutation]
  1986 | D:4      | Gained mutation: Your muscles are strong. (Str +2) [potion
                  | of mutation]
  1987 | D:4      | Slain by a phantom

Illustrated notes

Levels and vault maps discovered:
D:1:      ebering_hopf_link, layout_rooms, serial_park_tiny_pond,
          kennysheep_small_spiral
D:2:      layout_basic, chequers_temple_overflow_minitemple,
          chequers_mini_garden, minmay_misc_feat_chi, tgw_fedhas
D:4:      layout_loops_ring, minmay_door_square,
          nemelex_xobeh_ov_fountains_minmay, uniq_grinder, uniq_natasha,
          uniq_robin

Skill      XL: |  1  2  3 |
---------------+----------+-----
Translocations | 1 |  1.0
Summonings     | 2 |  2.2
Conjurations   | 2 |  2.4
Dodging        | |  1.7
Stealth        | |  1.7
Spellcasting   | |  3.3

Action                   || total
-------------------------++-------
Melee: Dagger            ||    42
       Staff             ||    13
       Kick              ||     6
 Cast: Magic Dart        ||    60
       Call Imp          ||     4
  Use: Potion            ||     2
 Stab: Sleeping          ||     1
Armor: Robe              ||     9
       Skin              ||     2
Dodge: Dodged            ||    50

Table legend: (Time is in decaauts)
 A = Elapsed time spent in this place.
 B = Non-inter-level travel time spent in this place.
 C = Inter-level travel time spent in this place.
 D = Time resting spent in this place.
 E = Time spent auto-exploring this place.
 F = Levels seen in this place.
 G = Mean time per level.
                   A        B        C        D        E       F      G
               +--------+--------+--------+--------+--------+-----+--------+
         Total |   1988 |   1932 |     56 |    472 |   1156 |   3 |  662.7 |
       Dungeon |   1988 |   1932 |     56 |    472 |   1156 |   3 |  662.7 |
               +--------+--------+--------+--------+--------+-----+--------+

Top non-repeatable levels by time:
     D:1: 1361 daAuts
     D:2: 466 daAuts
     D:4: 159 daAuts
